 Dungeon Crawl Stone Soup version 0.32-a0-913-g739538afd8 (webtiles) character file.

Game seed: 4640814521370088200

32 HilariousDeathArtist the Cudgeller (level 3, 0/31 HPs)
             Began as a Mountain Dwarf Reaver on Apr 8, 2024.
             Was a Believer of Zin.
             Slain by an adder (1 damage)
             ... on level 2 of the Dungeon.
             The game lasted 00:01:40 (789 turns).

HilariousDeathArtist the Cudgeller (MDRe)            Turns: 789, Time: 00:01:41

Health: 0/31       AC:  4    Str: 17    XL:     3   Next: 10%
Magic:  3/5        EV: 10    Int: 14    God:    Zin [**....]
Gold:   88         SH:  0    Dex:  9    Spells: 4/5 levels left

rFire   . . .        a - +0 mace
rCold   . . .        (no shield)
rNeg    . . .        b - +0 leather armour
rPois   ∞            (no helmet)
rElec   .            e - +0 cloak
rCorr   .            (no gloves)
SInv    .            (no boots)
Will    .....        (no amulet)
Stlth   +            (no ring)
HPRegen 0.25/turn    (no ring)
MPRegen 0.09/turn

%: no passive effects
@: vitalised
A: runic magic, artefact enchanting
a: Renounce Religion, Recite, Vitalisation, Donate Gold


You were on level 2 of the Dungeon.
You worshipped Zin.
Zin was pleased with you.
You visited 1 branch of the dungeon, and saw 2 of its levels.

You collected 97 gold pieces.
You donated 9 gold pieces to Zin.

Inventory:

Hand Weapons
 a - a +0 mace (weapon)
 l - a +0 dagger of speed
   (You found it on level 2 of the Dungeon)
Missiles
 h - 2 javelins
 k - 2 silver javelins
Armour
 b - a +0 leather armour (worn)
 e - a +0 cloak (worn)
   (You found it on level 1 of the Dungeon)
Scrolls
 c - 2 scrolls of fog


   Skills:
 + Level 3.2 Fighting
 + Level 4.4 Maces & Flails
 - Level 1.3 Dodging
 - Level 1.7 Spellcasting
 - Level 2.6 Conjurations


You had 4 spell levels left.
You knew the following spells:

 Your Spells              Type           Power      Damage    Failure   Level
a - Kiss of Death         Conj/Necr      16%        2d6       14%         1

Your spell library contained the following spells:

 Spells                   Type           Power      Damage    Failure   Level
 Momentum Strike          Conj/Tloc      8%         3d8       22%         2
 Hailstorm                Conj/Ice       4%         3d5       41%         3
 Inner Flame              Hex/Fire       1%         N/A       58%         3
 Irradiate                Conj/Alch      2%         3d12      99%         5
 Ignition                 Fire           0%         3d3       100%        8


Dungeon Overview and Level Annotations

Branches:
Dungeon (2/15)

Altars:
Zin


Innate Abilities, Weirdness & Mutations

Your spellcasting is much less encumbered by armour.
You can use scrolls of enchantment on lesser artefacts.


Message History

An endoplasm comes into view.
The endoplasm quivers.
You throw a stone. The stone barely misses the endoplasm.
An adder and a goblin come into view.
The adder hisses angrily.
The goblin shouts!
An adder comes into view.
The adder hisses angrily.
You barely miss the endoplasm.
The endoplasm hits you but does no damage.
You hit the endoplasm but do no damage. The endoplasm hits you.
The adder closely misses you.
You take 3 damage, and have 23/26 hp.
You miss the adder. The adder closely misses you.
The endoplasm barely misses you. The adder misses you.
You hit the adder but do no damage. The adder bites you but does no damage.
The adder misses you. The endoplasm freezes you.
You are frozen.
The adder closely misses you. The adder barely misses you.
You take 5 damage, and have 19/26 hp.
You hit the adder. The endoplasm freezes you.
You are frozen.
The adder bites you but does no damage. The adder barely misses you.
The endoplasm hits you but does no damage.
You take 5 damage, and have 14/26 hp.
You are too injured to fight recklessly!
You are too injured to fight recklessly!
You are too injured to fight recklessly!
Unknown command.
The adder barely misses you. The adder bites you.
You take 4 damage, and have 10/26 hp.
The adder attacks as it pursues you! The adder closely misses you.
The adder attacks as it pursues you! The adder bites you.
The adder barely misses you.
You take 1 damage, and have 10/26 hp.
The adder misses you. The adder bites you.
You take 2 damage, and have 9/26 hp.
The adder attacks as it pursues you! The adder bites you.
You are poisoned.
The adder poisons you! The adder barely misses you.
You take 1 damage, and have 8/26 hp.
You feel sick. The adder attacks as it pursues you!
The adder closely misses you.
You take 2 damage, and have 6/26 hp.
You feel sick. The adder attacks as it pursues you! The adder bites you.
* * * LOW HITPOINT WARNING * * *
You are lethally poisoned!
The adder poisons you!
You take 1 damage, and have 5/26 hp.
You feel better. The adder barely misses you. The adder bites you.
You are poisoned.
The adder poisons you!
You regained 3 hp, and now have 8/26 hp.
Zin grants you divine stamina. The adder bites you.
* * * LOW HITPOINT WARNING * * *
You take 2 damage, and have 6/26 hp.
You now have 2/4 mp.
It was a potion of might.
You feel very mighty all of a sudden. The adder bites you.
* * * LOW HITPOINT WARNING * * *
You take 4 damage, and have 2/26 hp.
It was a potion of cancellation.
Your magical effects are unravelling.
You feel magically purged.
You feel a little less mighty now. The adder bites you.
* * * LOW HITPOINT WARNING * * *
The adder barely misses you.
You take 1 damage, and have 1/26 hp.
It was a potion of degeneration.
There was something very wrong with that liquid.
Your divine stamina protects you from strength loss.
Your divine stamina protects you from intelligence loss.
Your divine stamina protects you from dexterity loss.
The adder closely misses you.
Okay, then.
Okay, then.
You hit the adder. The adder bites you but does no damage.
The adder misses you.
You hit the adder.
You are no longer poisoned.
The adder bites you but does no damage.
You sock the adder!
You kill the adder!
The adder bites you. Zin protects you from harm!
You have reached level 3!
Your experience leads to an increase in your attributes!
Your base attributes are Str 14, Int 13, Dex 8.
Increase (s)trength, (i)ntelligence, or (d)exterity?
You feel stronger. x2
You hit the adder. The adder barely misses you.
You barely miss the adder. The adder barely misses you. x2
You barely miss the adder. The adder closely misses you.
You hit the adder. The adder bites you.
* * * LOW HITPOINT WARNING * * *
The adder bites you.
You die...

#####............#
.................##
.......<..........#
..................#
..................#
...........#......#
.........).#[..Jg.#
########.#.#...#S##
#.#.....#@#
........+.#
.....#...###
......#...#
....#...# ....
#####


You could see an adder, an endoplasm and a goblin.

Vanquished Creatures
  An adder (D:2)
  A dart slug (D:1)
  A giant cockroach (D:1)
  A goblin (D:1)
  3 hobgoblins (D:1)
  2 kobolds (D:1)
  A quokka (D:1)
  A ball python (D:1)
  6 bats (D:1)
  2 frilled lizards (D:1)
  4 rats (D:1)
23 creatures vanquished.

Notes
Turn   | Place    | Note
-------+----------+-------------------------------------------
     0 | D:1      | HilariousDeathArtist the Mountain Dwarf Reaver began the
                  | quest for the Orb.
     0 | D:1      | Reached XP level 1. HP: 17/17 MP: 3/3
   249 | D:1      | Reached skill level 4 in Maces & Flails
   275 | D:1      | Reached XP level 2. HP: 25/25 MP: 4/4
   642 | D:1      | Reached skill level 3 in Fighting
   663 | D:1      | Found a faded altar of an unknown god.
   669 | D:1      | Prayed at the altar of an unknown god.
   669 | D:1      | Became a worshipper of Zin the Law-Giver
   669 | D:1      | Reached * piety under Zin
   735 | D:2      | Reached ** piety under Zin
   776 | D:2      | HP: 6/26 [poisoned by an adder]
   780 | D:2      | HP: 2/26 [adder (4)]
   785 | D:2      | Zin protects you from harm!
   786 | D:2      | Reached XP level 3. HP: 3/31 MP: 2/5
   789 | D:2      | HP: 1/31 [adder (3)]
   789 | D:2      | Slain by an adder

Illustrated notes

Levels and vault maps discovered:
D:1:      minmay_arrival_widening_spiral_wide, layout_rooms,
          shapermc_ecumenical_altar_mp_urbaneastern, minmay_box_of_dots
D:2:      cheibrodos_greedy_goblins, layout_basic, serial_shops, shop,
          minmay_lizard_king

Skill      XL: |  1  2 |
---------------+-------+-----
Maces & Flails | 4 |  4.4
Fighting       | 3 |  3.2
Dodging        | |  1.3
Spellcasting   | |  1.7
Conjurations   | |  2.6

Action                     || total
---------------------------++-------
  Melee: Mace              ||    96
  Throw: Stone             ||     6
 Invoke: Vitalisation      ||     1
    Use: Potion            ||     4
         Scroll            ||     2
 Armour: Leather armour    ||    83
  Dodge: Dodged            ||    82

Table legend: (Time is in decaauts)
 A = Elapsed time spent in this place.
 B = Non-inter-level travel time spent in this place.
 C = Inter-level travel time spent in this place.
 D = Time resting spent in this place.
 E = Time spent auto-exploring this place.
 F = Levels seen in this place.
 G = Mean time per level.
                   A        B        C        D        E       F      G
               +--------+--------+--------+--------+--------+-----+--------+
         Total |    808 |    791 |     17 |      0 |    555 |   2 |  404.0 |
       Dungeon |    808 |    791 |     17 |      0 |    555 |   2 |  404.0 |
               +--------+--------+--------+--------+--------+-----+--------+

Top non-repeatable levels by time:
     D:1: 744 daAuts
     D:2: 64 daAuts

Levels and vault maps discovered:
D:1:      minmay_arrival_widening_spiral_wide, layout_rooms,
          shapermc_ecumenical_altar_mp_urbaneastern, minmay_box_of_dots
D:2:      cheibrodos_greedy_goblins, layout_basic, serial_shops, shop,
          minmay_lizard_king

Table legend: (Time is in decaauts)
 A = Elapsed time spent in this place.
 B = Non-inter-level travel time spent in this place.
 C = Inter-level travel time spent in this place.
 D = Time resting spent in this place.
 E = Time spent auto-exploring this place.
 F = Levels seen in this place.
 G = Mean time per level.
                   A        B        C        D        E       F      G
               +--------+--------+--------+--------+--------+-----+--------+
         Total |    808 |    791 |     17 |      0 |    555 |   2 |  404.0 |
       Dungeon |    808 |    791 |     17 |      0 |    555 |   2 |  404.0 |
               +--------+--------+--------+--------+--------+-----+--------+

Top non-repeatable levels by time:
     D:1: 744 daAuts
     D:2: 64 daAuts

Table legend:
 A = Kills in this place as a percentage of kills in the entire game.
 B = Kills by you in this place as a percentage of kills by you in the entire game.
 C = Kills by friends in this place as a percentage of kills by friends in the entire game.
 D = Other kills in this place as a percentage of other kills in the entire game.
 E = Experience gained in this place as a percentage of experience gained in the entire game.
 F = Experience gained in this place divided by the number of levels of this place that you have seen.
                   A       B       C       D       E      F
               +-------+-------+-------+-------+-------+----------------------
         Total | 100.0 | 100.0 |   N/A |   N/A | 100.0 |  23.5
       Dungeon | 100.0 | 100.0 |   N/A |   N/A | 100.0 |  23.5
               +-------+-------+-------+-------+-------+----------------------
